 Dungeon Crawl Stone Soup version 0.25.0-11-g1f837a76a1 (webtiles) character file.

Game seed: 18179740823941868048

2779 protoss039 the Thaumaturge (level 9, -4/45 HPs)
             Began as a Deep Elf Earth Elementalist on June 26, 2020.
             Was a Follower of Vehumet.
             Slain by a wolf spider (21 damage)
             ... on level 8 of the Dungeon.
             The game lasted 00:21:35 (8489 turns).

protoss039 the Thaumaturge (DEEE)                   Turns: 8489, Time: 00:21:35

Health: -4/45      AC:  5    Str:  5    XL:     9   Next: 42%
Magic:  16/26      EV: 13    Int: 24    God:    Vehumet [*.....]
Gold:   561        SH:  5    Dex: 15    Spells: 15/30 levels left

rFire    + . .     SeeInvis .   e - +3 war axe (venom)
rCold    . . .     Gourm    .   (no shield)
rNeg     . . .     Faith    .   c - +0 robe
rPois    +         Spirit   .   J - +2 hat
rElec    .         Reflect  +   (no cloak)
rCorr    .         Harm     .   (no gloves)
MR       .....                  t - +0 pair of boots
Stlth    ++........             u - amulet of reflection
HPRegen  0.15/turn              B - ring of protection from fire
MPRegen  0.20/turn              g - ring of poison resistance

@: very slightly contaminated
A: no striking features
a: Renounce Religion


You were on level 8 of the Dungeon.
You worshipped Vehumet.
Vehumet was aware of your devotion.
You were hungry.

You visited 2 branches of the dungeon, and saw 9 of its levels.

You collected 561 gold pieces.

Inventory:

Hand Weapons
 e - a +3 war axe of venom (weapon)
 i - a +2 dagger of venom
 v - a +2 mace of venom
Missiles
 b - 170 stones (quivered)
Armour
 c - a +0 robe (worn)
 t - a +0 pair of boots (worn)
 J - a +2 hat (worn)
Jewellery
 g - a ring of poison resistance (right hand)
 p - an uncursed ring of stealth
 u - an amulet of reflection (around neck)
 B - a ring of protection from fire (left hand)
Wands
 h - a wand of polymorph (5)
 w - a wand of iceblast (18)
 E - a wand of acid (6)
 F - a wand of digging (6)
Scrolls
 a - 2 scrolls of magic mapping
 k - 2 scrolls of enchant weapon
 l - 2 scrolls of remove curse
 y - a scroll of enchant armour
Potions
 f - a potion of flight
 m - a potion of mutation
 n - 3 potions of curing
 o - 4 potions of brilliance {unknown}
 q - a potion of might {unknown}
 s - 2 potions of heal wounds {unknown}
 x - a potion of berserk rage {unknown}
 z - a potion of haste {unknown}
 H - a potion of lignification {unknown}
Comestibles
 d - 19 rations


   Skills:
 - Level 0.2 Fighting
 - Level 2.4 Dodging
 - Level 2.4 Stealth
 + Level 11.3 Spellcasting
 + Level 0.6 Conjurations
 - Level 1.1 Transmutations
 * Level 11.0 Earth Magic


You had 15 spell levels left.
You knew the following spells:

 Your Spells              Type           Power        Failure   Level  Hunger
a - Sandblast             Erth           ######       1%          1    None
b - Passwall              Tmut/Erth      #####...     1%          2    None
c - Stone Arrow           Conj/Erth      #####.       1%          3    None
d - Petrify               Tmut/Erth      #####...     3%          4    None
e - Lee's Rapid Deconstr  Erth           ######....   1%          5    ####...

Your spell library contained the following spells:

 Spells                   Type           Power        Failure   Level  Hunger
 Freeze                   Ice            ##..         4%          1    None
 Swiftness                Chrm/Air       ##......     7%          2    None
 Passage of Golubria      Tloc           N/A          41%         4    None
 Darkness                 Hex            ##........   100%        6    #####..
 Invisibility             Hex            ##......     100%        6    #####..


Dungeon Overview and Level Annotations

Branches:
Dungeon (8/15)             Temple (1/1) D:5
   Lair: D:8-11

Altars:
Ashenzari
Cheibriados
Dithmenos
Elyvilon
Fedhas
Gozag
Hepliaklqana
Kikubaaqudgha
Makhleb
Nemelex Xobeh
Okawaru
Qazlal
Ru
Sif Muna
Trog
Uskayaw
Vehumet
Wu Jian
Xom
Yredelemnul
Zin
The Shining One
Beogh

Shops:
D:7 [


Message History

Casting: Lee's Rapid Deconstruction (dangerous; 1% risk of failure)
Confirm with . or Enter, or press ? or * to list all spells.
Aiming: Lee's Rapid Deconstruction (dangerous; 1% risk of failure)
Press: ? - help, Dir - move target cursor A rock wall.
The wall shatters!
The blast of rock fragments hits the wolf spider!!
The wolf spider is heavily wounded.
You are feeling hungry.
You hear an angry hiss.
The wolf spider barely misses you. The wolf spider bites you!
* * * LOW HITPOINT WARNING * * *
You block the wolf spider's attack. The wolf spider bites you.
* * * LOW HITPOINT WARNING * * *
You are lethally poisoned!
The wolf spider poisons you!
Unknown command.
Unknown command.
You feel better. The wolf spider hits you!!
You die...

'###+#...#...#
#.#.##.#.# .#
#.#########
#.#.##.#.# .# #.#
###+##### #.#.##.#.#
.###.#
#.......###.#)##.#.#
.....#
#...........#.##.#.#
######
+..8....###.#.##.#.#
# #.......#
#.#.##.#.# #
#.......# #.#.##.#.#
# ###@#####
#.#....#.. # #..s#
#.######## # #.....#
#.. # #.....# ## #
#.....# # ##..(##
#####


You could see a wolf spider.

Vanquished Creatures
  A spriggan (D:7)
  Edmund (D:5)
  A water moccasin (D:7)
  3 orc warriors (D:8)
  A phantom (D:4)
  2 sky beasts
  2 ogres
  A centaur (D:8)
  A big kobold (D:8)
  2 bullfrogs
  A scorpion (D:8)
  5 killer bees (D:8)
  3 crimson imps
  A bullfrog zombie (D:5)
  3 hounds
  4 orc priests
  A bullfrog skeleton (D:5)
  A jelly (D:8)
  Ijyb (D:3)
  4 orc wizards
  3 iguanas
  6 worker ants
  Terence (D:2)
  A hound skeleton (D:6)
  Robin (D:4)
  6 adders
  A howler monkey skeleton (D:6)
  4 oozes
  An adder skeleton (D:5)
  7 worms
  6 dart slugs
  4 leopard geckos
  48 orcs
  A giant cockroach (D:3)
  14 goblins
  5 hobgoblins
  16 jackals
  4 quokkas
  2 ball pythons
  6 bats
  4 frilled lizards
  7 kobolds
  A leopard gecko skeleton (D:5)
  5 rats
193 creatures vanquished.

Notes
Turn   | Place    | Note
-------+----------+-------------------------------------------
     0 | D:1      | protoss039 the Deep Elf Earth Elementalist began the quest
                  | for the Orb.
     0 | D:1      | Reached XP level 1. HP: 10/10 MP: 6/6
   105 | D:1      | Reached XP level 2. HP: 10/15 MP: 1/8
   556 | D:1      | Reached XP level 3. HP: 19/19 MP: 10/10
   813 | D:2      | Found a white marble altar of Elyvilon.
  1213 | D:2      | Learned a level 2 spell: Passwall
  1744 | D:2      | Noticed Terence
  1746 | D:2      | Reached XP level 4. HP: 24/24 MP: 10/12
  1753 | D:2      | Killed Terence
  1753 | D:2      | Reached skill level 5 in Spellcasting
  1923 | D:3      | Learned a level 3 spell: Stone Arrow
  2072 | D:3      | Found a sacrificial altar of Ru.
  2445 | D:3      | Reached XP level 5. HP: 25/28 MP: 15/15
  2551 | D:3      | Noticed Ijyb
  2557 | D:3      | Killed Ijyb
  2929 | D:3      | Found an iron altar of Okawaru.
  3088 | D:4      | Reached skill level 5 in Earth Magic
  3179 | D:4      | Noticed Robin
  3412 | D:4      | Noticed a phantom
  3429 | D:4      | Killed a phantom
  3429 | D:4      | Reached XP level 6. HP: 29/32 MP: 4/17
  4178 | D:4      | Killed Robin
  4633 | D:5      | Entered Level 5 of the Dungeon
  4654 | D:5      | Reached XP level 7. HP: 36/36 MP: 16/20
  4770 | D:5      | Noticed Edmund
  4775 | D:5      | Killed Edmund
  5032 | D:5      | Found a staircase to the Ecumenical Temple.
  5039 | Temple   | Entered the Ecumenical Temple
  5254 | Temple   | Became a worshipper of Vehumet
  5424 | D:5      | Found a hazy altar of Hepliaklqana.
  5622 | D:6      | Found a basalt altar of Yredelemnul.
  5751 | D:6      | Reached XP level 8. HP: 41/41 MP: 17/23
  5772 | D:6      | Learned a level 4 spell: Petrify
  5778 | D:6      | Learned a level 5 spell: Lee's Rapid Deconstruction
  6144 | D:6      | Found a shattered altar of Ashenzari.
  6145 | D:6      | Found a burning altar of Makhleb.
  6604 | D:7      | Found Hokedam's Antique Armour Boutique.
  6679 | D:7      | Reached skill level 10 in Spellcasting
  7459 | D:8      | Reached skill level 10 in Earth Magic
  7528 | D:8      | Reached XP level 9. HP: 42/45 MP: 20/25
  7768 | D:8      | Found a roughly hewn altar of Beogh.
  7771 | D:8      | Reached * piety under Vehumet
  7771 | D:8      | Offered knowledge of Freeze by Vehumet.
  8485 | D:8      | Noticed a wolf spider
  8489 | D:8      | Slain by a wolf spider

Illustrated notes

Levels and vault maps discovered:
D:1:      minmay_arrival_semitransparent, layout_rooms
D:2:      wad_crossroads, layout_basic, elyvilon_altar_5, uniq_terence
D:3:      layout_basic, okawaru_gym_becter, lemuel_doored_altar, uniq_ijyb
D:4:      layout_cave_pods, first_ration, serial_rivers,
          chequers_serial_rivers_micro_d, chequers_serial_rivers_micro_d,
          chequers_serial_rivers_small_a, chequers_serial_rivers_small_b,
          chequers_serial_rivers_micro_d, chequers_serial_rivers_room_a,
          uniq_robin
D:5:      layout_rooms, overflow_temple_1_default,
          minmay_temple_entry_nine_rooms, uniq_edmund
D:6:      layout_gridville, lemuel_crystal_altar,
          gammafunk_temple_overflow_statue
D:7:      layout_rooms, serial_shops, nicolae_shop_competitors_out_of_business,
          the_bakery
D:8:      layout_basic, special_room [special_room_orc], grunt_ministairs_3,
          minmay_three_doors
Temple:   regret_index_temple_generic_petals

Skill      XL: |  1  2  3  4  5  6  7  8  9 |
---------------+----------------------------+-----
Spellcasting   | 4 5 6 7 9 10 11 | 11.3
Earth Magic    | 4 5 6 7 10 11 | 11.0
Fighting       | |  0.2
Dodging        | |  2.4
Stealth        | |  2.4
Conjurations   | |  0.6
Transmutations | |  1.1

Action                   |  1- 3 |  4- 6 |  7- 9 || total
-------------------------+-------+-------+-------++-------
Melee: Spear             |     6 |       |       ||     6
       Dagger            |    47 |    58 |    72 ||   177
       War axe           |       |       |     5 ||     5
 Cast: Sandblast         |    27 |    71 |    73 ||   171
       Stone Arrow       |       |       |    22 ||    22
       Lee's Rapid Decon |       |       |    10 ||    10
  Use: Potion            |     1 |       |     1 ||     2
       Scroll            |       |     9 |     4 ||    13
 Stab: Sleeping          |     6 |     4 |     3 ||    13
  Eat: Chunk             |     2 |     9 |    13 ||    24
Armor: Robe              |    11 |    11 |    14 ||    36
Dodge: Dodged            |    58 |    44 |    69 ||   171
Block: Other             |       |     7 |    26 ||    33
       Reflection        |       |     4 |       ||     4
